 Dungeon Crawl Stone Soup version 0.19.1-1-g22dce08 (webtiles) character file.

523 Mesmaeker13 the Ducker (level 7, -3/36 HPs)
             Began as a Deep Elf Air Elementalist on Jan 4, 2017.
             Slain by Eustachio
             ... wielding a +0 falchion
              (8 damage)
             ... on level 4 of the Dungeon.
             The game lasted 00:12:45 (4379 turns).

Mesmaeker13 the Ducker (Deep Elf Air Elementalist)  Turns: 4379, Time: 00:12:45

Health: -3/36      AC:  3    Str:  7      XL:     7   Next: 2%
Magic:  2/13       EV: 15    Int: 20      God:
Gold:   183        SH:  0    Dex: 13 (15) Spells: 3 memorised, 3 levels left

rFire  + . .     SeeInvis .     h - +2 dagger (venom)
rCold  . . .     Gourm    .     a - +0 robe
rNeg   . . .     Faith    .     (no shield)
rPois  +         Spirit   .     t - +0 helmet
rElec  .         Reflect  .     (no cloak)
rCorr  .         Harm     .     (no gloves)
MR     .....                    (no boots)
Stlth  ++........               (no amulet)
                                c - ring of poison resistance (curse)
                                m - ring of protection from fire

@: no status effects
A: no striking features
a: no special abilities


You were on level 4 of the Dungeon.
You were not hungry.

You visited 1 branch of the dungeon, and saw 4 of its levels.
You also visited: Sewer.

You collected 183 gold pieces.

Inventory:

Hand Weapons
 h - a +2 dagger of venom (weapon)
Armour
 a - a +0 robe (worn)
 t - a +0 helmet (worn)
Jewellery
 c - a cursed ring of poison resistance (right hand)
 m - a ring of protection from fire (left hand)
Wands
 z - a wand of slowing (9/48)
Scrolls
 d - 2 scrolls of recharging
 f - a scroll of magic mapping
 g - a scroll of remove curse
 j - a scroll of fog {unknown}
 l - a scroll of enchant armour {unknown}
 q - 2 scrolls of blinking
 s - a scroll of immolation {unknown}
 w - a scroll of fear {unknown}
 y - a scroll of random uselessness {unknown}
Potions
 e - a potion of brilliance
 i - a potion of cure mutation {unknown}
 n - 3 potions of curing
 o - 2 potions of heal wounds
 p - 3 potions of flight {unknown}
 r - a potion of agility {unknown}
 u - a potion of haste
 x - a potion of degeneration {unknown}
Books
 b - a book of Air

   Spells                             Type                      Level
   a - Shock                          Conjuration/Air              1
   b - Swiftness                      Charms/Air                   2
   c - Repel Missiles                 Charms/Air                   2
   d - Static Discharge               Conjuration/Air              3
   e - Lightning Bolt                 Conjuration/Air              5
 A - a book of Maledictions

   Spells                             Type                      Level
   a - Corona                         Hexes                        1
   b - Ensorcelled Hibernation        Hexes/Ice                    2
   c - Confuse                        Hexes                        3
   d - Tukima's Dance                 Hexes                        3
   e - Dazzling Spray                 Conjuration/Hexes            3
Comestibles
 k - 3 fruits
 v - a meat ration
 B - 3 chunks of flesh


   Skills:
 + Level 5.6 Dodging
 - Level 2.4 Stealth
 - Level 3.0 Spellcasting
 + Level 5.0 Conjurations
 + Level 4.9 Air Magic


You had 3 spell levels left.
You knew the following spells:

 Your Spells              Type           Power        Failure   Level  Hunger
a - Shock                 Conj/Air       ###.         1%          1    None
b - Static Discharge      Conj/Air       ###.....     8%          3    ###....
c - Lightning Bolt        Conj/Air       ###.......   58%         5    ######.


Dungeon Overview and Level Annotations

Branches:
Dungeon (4/15)
 Temple: D:4-7

Altars:
Cheibriados
Dithmenos
Gozag
Qazlal
The Shining One

Annotations:
D:4 Eustachio


Message History

The quasit claws you but does no damage.
The shadow imp closely misses you. Eustachio hits you but does no damage.
The crimson imp hits you.
* * * LOW HITPOINT WARNING * * *
The shadow imp completely misses you. The quasit closely misses you.
The quasit claws you.
* * * LOW HITPOINT WARNING * * *
The quasit barely misses you. The crimson imp misses you.
Unknown command.
The shadow imp lashes its tail.
The shadow imp barely misses you.
Eustachio looks more healthy.
The quasit bites you.
* * * LOW HITPOINT WARNING * * *
You feel clumsy. The quasit barely misses you.
The quasit claws you but does no damage.
Eustachio gestures wildly while chanting.
Eustachio blinks!
Eustachio hits you with a falchion!
You die...

..#####...# ......#≈≈≈#
..##..#≈≈≈# .#..#.#≈≈≈# ####
...##.#≈≈≈# ###..###
......#≈.≈### ##......##
......#≈≈≈#.#####....§...####
.##.###≈≈≈#....@.5............
.##.###≈≈≈#.....@5.5..........
......#≈≈≈#.....#######.......
......#...#...####.# .......
...............##.## ...####
..............#..### ..##
.............##....# ..#
.................###
.......###........#
...#......(......##


You could see Eustachio, a quasit, a crimson imp and a shadow imp.

Vanquished Creatures
  Grinder (D:3)
  A big kobold (Sewer)
  A hound (D:4)
  A worker ant (D:4)
  A hound skeleton (D:3)
  Robin (D:2)
  4 adders
  3 gnolls (D:3)
  4 worms (D:3)
  2 dart slugs
  5 leopard geckos
  5 orcs (D:3)
  A ball python (D:4)
  7 giant cockroaches
  20 goblins
  10 hobgoblins
  8 jackals
  A quokka (D:3)
  5 bats
  3 frilled lizards
  13 kobolds
  4 rats
101 creatures vanquished.

Notes
Turn   | Place    | Note
-------+----------+-------------------------------------------
     0 | D:1      | Mesmaeker13 the Deep Elf Air Elementalist began the quest for the Orb.
     0 | D:1      | Reached XP level 1. HP: 10/10 MP: 6/6
   118 | D:1      | Reached XP level 2. HP: 14/15 MP: 8/8
   540 | D:2      | Reached XP level 3. HP: 19/19 MP: 4/9
   727 | D:2      | Learned a level 3 spell: Static Discharge
   760 | D:2      | Found a snail-covered altar of Cheibriados.
  1552 | D:2      | Noticed Robin
  1592 | D:2      | Reached XP level 4. HP: 18/24 MP: 8/10
  1612 | D:2      | Killed Robin
  2411 | D:3      | Reached XP level 5. HP: 24/28 MP: 0/11
  2419 | D:3      | Learned a level 5 spell: Lightning Bolt
  3061 | D:3      | Noticed Grinder
  3071 | D:3      | Paralysed by Grinder for 7 turns
  3103 | D:3      | Killed Grinder
  3103 | D:3      | Reached skill level 5 in Dodging
  3103 | D:3      | Reached XP level 6. HP: 14/32 MP: 0/12
  3325 | D:3      | Found a shadowy altar of Dithmenos.
  3325 | D:3      | Found an opulent altar of Gozag.
  3325 | D:3      | Found a glowing golden altar of the Shining One.
  3394 | D:3      | Found a stormy altar of Qazlal.
  3916 | D:4      | Found a glowing drain.
  3932 | Sewer    | Entered a sewer
  4202 | Sewer    | Found a white marble altar of Elyvilon.
  4267 | D:4      | Reached XP level 7. HP: 26/36 MP: 10/13
  4297 | D:4      | Reached skill level 5 in Conjurations
  4360 | D:4      | Noticed Eustachio
  4379 | D:4      | Slain by Eustachio

Skill      XL: |  1  2  3  4  5  6  7 |
---------------+----------------------+-----
Conjurations   | 2 3 4 5 |  5.0
Dodging        | 3 4 5 |  5.6
Air Magic      | 4 |  4.9
Stealth        | |  2.4
Spellcasting   | |  3.0

Action                   |  1- 3 |  4- 6 |  7- 9 || total
-------------------------+-------+-------+-------++-------
Melee: Dagger            |    34 |    72 |     4 ||   110
 Cast: Shock             |    74 |    85 |     3 ||   162
       Static Discharge  |       |     7 |     4 ||    11
Evoke: Wand              |       |       |     2 ||     2
  Use: Potion            |     1 |       |       ||     1
       Scroll            |       |     3 |     5 ||     8
 Stab: Sleeping          |     1 |     5 |       ||     6
  Eat: Chunk             |     2 |     5 |       ||     7
       Bread ration      |       |     1 |       ||     1
Armor: Robe              |     9 |    14 |     8 ||    31
Dodge: Dodged            |    39 |    52 |    27 ||   118
